 Dungeon Crawl Stone Soup version 0.31-a0-150-g89dc3ad700 (webtiles) character file.

Game seed: 7152175572897280139

403 qw the Shooter (level 6, -1/38 HPs)
             Began as a Gargoyle Hunter on June 8, 2023.
             Frozen to death by an endoplasm (2 damage)
             ... on level 4 of the Dungeon.
             The game lasted 00:01:12 (2316 turns).

qw the Shooter (Gargoyle Hunter)                    Turns: 2316, Time: 00:01:12

Health: -1/38      AC: 10    Str: 13 (15) XL:     6   Next: 86%
Magic:  6/6        EV: 10    Int:  7 (9)  God:
Gold:   178        SH:  0    Dex: 12 (15) Spells: 5/5 levels left

rFire   . . .        Y - +0 shortbow
rCold   . . .        (shield currently unavailable)
rNeg    + . .        h - +0 ring mail
rPois   inf          l - +0 helmet
rElec   +            (no cloak)
rCorr   .            (no gloves)
SInv    .            (no boots)
Will    .....        (no amulet)
Stlth   +            (no ring)
HPRegen 0.26/turn    (no ring)
MPRegen 0.10/turn

%: no passive effects
@: no status effects
A: sickness immunity, AC +4, negative energy resistance 1, electricity
resistance, torment resistance 1, petrification resistance, sense surroundings 1
a: no special abilities


You were on level 4 of the Dungeon.
You visited 1 branch of the dungeon, and saw 4 of its levels.

You collected 178 gold pieces.


Innate Abilities, Weirdness & Mutations

You are immune to sickness and miasma.
Your stone body is resilient. (AC +4)
You are immune to poison.
You resist negative energy. (rN+)
You are resistant to electric shocks. (rElec)
You are resistant to unholy torment.
You are immune to petrification.
You passively map a small area around you.


   Skills:
 - Level 4.0 Fighting
 + Level 7.2 Ranged Weapons
 - Level 1.0 Armour
 - Level 1.5 Dodging
 - Level 1.1 Stealth


You had 5 spell levels left.
You didn't know any spells.
Your spell library was empty.

Inventory:

Hand Weapons
 Y - a +0 shortbow (weapon)
Armour
 h - a +0 ring mail (worn)
 l - a +0 helmet (worn)
Wands
 d - a wand of digging (4)
Scrolls
 b - a scroll of identify
Potions
 a - a potion of haste
 j - a potion of mutation
 k - a potion of magic {unknown}

Dungeon Overview and Level Annotations

Branches:
Dungeon (4/15)
 Temple: D:4-7

Altars:
Cheibriados


Message History

You shoot an arrow.
The arrow hits the phantom but does no damage.
The phantom is severely damaged.
The phantom hits you.
You shoot an arrow. The arrow hits the phantom.
The phantom is severely damaged.
The phantom hits you but does no damage.
You shoot an arrow. The arrow barely misses the phantom.
The endoplasm hits you but does no damage.
The phantom hits you.
The phantom blinks!
You blink.
The phantom hits you but does no damage.
The orc hits you with a +0 hand axe.
You shoot an arrow. The arrow hits the phantom.
The phantom is severely damaged.
The orc barely misses you.
The phantom hits you but does no damage.
You shoot an arrow. The arrow hits the phantom.
The phantom is almost destroyed.
The orc hits you but does no damage. The phantom barely misses you.
You shoot an arrow. The arrow hits the phantom.
You destroy the phantom!
The orc hits you but does no damage.
Your Ranged Weapons skill increases to level 7!
You shoot an arrow. The arrow barely misses the orc.
The arrow barely misses the giant cockroach.
The endoplasm freezes you.
You are frozen.
The orc barely misses you.
You shoot an arrow. The arrow completely misses the orc.
The arrow closely misses the giant cockroach.
The endoplasm hits you but does no damage.
The orc closely misses you.
You shoot an arrow. The arrow closely misses the orc.
The arrow hits the giant cockroach but does no damage.
The endoplasm closely misses you. The orc hits you with a +0 hand axe.
The endoplasm hits you. The orc misses you.
You shoot an arrow.
The arrow hits the orc but does no damage.
The endoplasm freezes you.
You are frozen.
You die...

#... *##..#. ,
.....# # , *
#..#.#.## **
#..#....#
*#.<.....# , * , *
.. #.<#.#*.# * # *
,...##..#J##.##....
.....Bo@$.......
..##...#######... ,
*,
...,*#.#.#....)#, *
## #.#.#.#.#.# ,
#.#...#)#...* , * *
#.#.#.#.#.#.# , ,
#.#.....#.#* *
..#######.# *, , ,
#.., ..,.


You could see an orc, an endoplasm and a giant cockroach.

Vanquished Creatures
  Sigmund (D:2)
  A phantom (D:4)
  Ijyb (D:3)
  3 gnolls (D:3)
  6 adders
  A worm (D:2)
  2 dart slugs
  5 ball pythons
  5 endoplasms
  2 giant cockroaches (D:1)
  7 goblins
  5 hobgoblins
  4 quokkas
  4 bats
  4 frilled lizards
  7 kobolds
  5 rats
63 creatures vanquished.

Notes
Turn   | Place    | Note
-------+----------+-------------------------------------------
     0 | D:1      | qw the Gargoyle Hunter began the quest for the Orb.
     0 | D:1      | Reached XP level 1. HP: 12/12 MP: 1/1
     0 | D:1      | 0 ||| qw: Version: 0.2-a-119-g7aa9181
     0 | D:1      | 0 ||| qw: Game counter: 2770
     0 | D:1      | 0 ||| qw: Always use a shield: true
     0 | D:1      | 0 ||| qw: God list: Okawaru
     0 | D:1      | 0 ||| qw: Allow faded altars: false
     0 | D:1      | 0 ||| qw: Do Orc after D:15 true
     0 | D:1      | 0 ||| qw: Do second Lair branch before Depths: true
     0 | D:1      | 0 ||| qw: Lair rune preference: random
     0 | D:1      | 0 ||| qw: Plans: Normal
     0 | D:1      | 0 ||| PLANNING D:1-11
   122 | D:1      | Reached XP level 2. HP: 17/17 MP: 2/2
   537 | D:1      | Reached XP level 3. HP: 21/21 MP: 3/3
   666 | D:1      | Reached skill level 5 in Ranged Weapons
   667 | D:1      | 667 ||| UPGRADING to +0 helmet.
   672 | D:1      | 672 ||| READING scroll labelled DEPEAP MERHO.
   673 | D:1      | 673 ||| READING scroll labelled DIUTUA NOAXTALL.
   674 | D:1      | 674 ||| READING scroll labelled DESIOSTROECK.
   675 | D:1      | 675 ||| READING scroll labelled IGRIUF DEVVOIP.
   676 | D:1      | 676 ||| DRINKING 2 dark potions.
   677 | D:1      | 677 ||| DROPPING scroll of butterflies.
   694 | D:2      | 694 ||| STAIRDANCE
   731 | D:2      | Reached skill level 3 in Fighting
   776 | D:2      | Noticed Sigmund
   804 | D:2      | Killed Sigmund
   805 | D:2      | Reached skill level 6 in Ranged Weapons
   805 | D:2      | Reached XP level 4. HP: 12/28 MP: 4/4
   805 | D:2      | Reached XP level 5. HP: 14/32 MP: 5/5
  1147 | D:2      | Reached skill level 1 in Armour
  1151 | D:2      | Reached XP level 6. HP: 37/37 MP: 6/6
  1155 | D:2      | You fall into a shaft and drop 1 floor!
  1170 | D:3      | 1170 ||| FLEEEEING.
  1171 | D:3      | 1171 ||| FLEEEEING.
  1172 | D:3      | 1172 ||| FLEEEEING.
  1173 | D:3      | 1173 ||| STAIRDANCE
  1382 | D:2      | 1382 ||| READING scroll labelled ETUKAES BAUNO.
  1387 | D:3      | Noticed Ijyb
  1399 | D:3      | HP: 3/37 [Ijyb/+0 club (7)]
  1400 | D:3      | 1400 ||| DRINKING potion of heal wounds.
  1401 | D:3      | Killed Ijyb
  2207 | D:3      | Found a snail-covered altar of Cheibriados.
  2209 | D:3      | 2209 ||| UPGRADING to +0 ring mail.
  2219 | D:3      | 2219 ||| DROPPING +0 leather armour.
  2220 | D:3      | 2220 ||| DROPPING ring of wizardry.
  2221 | D:3      | 2221 ||| READING scroll labelled ZIANOIPNOI.
  2222 | D:3      | 2222 ||| READING scroll labelled YCSIBB LOSAMM.
  2226 | D:3      | 2226 ||| DRINKING 2 smoky grey potions.
  2227 | D:3      | 2227 ||| DRINKING 2 silvery potions.
  2227 | D:3      | Gained mutation: You passively map a small area around you.
                  | [potion of mutation]
  2228 | D:3      | 2228 ||| READING 2 scrolls of identify.
  2228 | D:3      | 2228 ||| IDENTIFYING smoky red potion
  2229 | D:3      | 2229 ||| DROPPING potion of berserk rage.
  2230 | D:3      | 2230 ||| DROPPING potion of degeneration.
  2309 | D:4      | HP: 7/38 [orc/+0 hand axe (3)]
  2313 | D:4      | Reached skill level 7 in Ranged Weapons
  2315 | D:4      | HP: 4/38 [orc/+0 hand axe (4)]
  2315 | D:4      | HP: 1/38 [endoplasm (3)]
  2316 | D:4      | Frozen to death by an endoplasm

Levels and vault maps discovered:
D:1:      zelgadis_glass_arrival_small, layout_loops_ring
D:2:      layout_rooms, minmay_quadrilaterals, uniq_sigmund
D:3:      layout_basic, mainiacjoe_overflow_alcove_4, serial_curves,
          eino_curves_04, eino_curves_04, eino_curves_01, eino_curves_03,
          uniq_ijyb
D:4:      layout_loops_cross, nicolae_tso_swordbearing_angel, minmay_checkerbox

Skill      XL: |  1  2  3  4  5  6 |
---------------+-------------------+-----
Ranged Weapons | 6 7 |  7.2
Fighting       | 3 4 |  4.0
Armour         | 1 |  1.0
Dodging        | |  1.5
Stealth        | |  1.1

Action                     |  1- 3 |  4- 6 || total
---------------------------+-------+-------++-------
   Fire: Shortbow          |   116 |   138 ||   254
    Use: Scroll            |     4 |     4 ||     8
         Potion            |     1 |     3 ||     4
 Armour: Leather armour    |    14 |    13 ||    27
         Ring mail         |       |    26 ||    26
  Dodge: Dodged            |    27 |    50 ||    77

Table legend:
 A = Non-vault XP
 B = Vault XP
 C = Vault XP percentage of total XP
 D = Non-vault monster count
 E = Vault monster count
 F = Vault count percentage of total count
                 A         B        C        D         E       F
            +---------+---------+-------+---------+---------+-------
      Total |     202 |     374 |  64.9 |      55 |       8 |  12.7
            +---------+---------+-------+---------+---------+-------
        D:1 |      52 |       0 |   0.0 |      25 |       0 |   0.0
        D:2 |      53 |     231 |  81.3 |      15 |       6 |  28.6
        D:3 |      95 |      36 |  27.5 |      14 |       1 |   6.7
        D:4 |       2 |     107 |  98.2 |       1 |       1 |  50.0
            +---------+---------+-------+---------+---------+-------
